 Dungeon Crawl Stone Soup version 0.28.0-53-g5a82cb258f (webtiles) character file.

Game seed: 16852464748789266247

18932 Peloso the Carver (level 12, 0/106 HPs)
             Began as a Minotaur Fighter on June 5, 2022.
             Was an Elder of Okawaru.
             Slain by a vampire (6 damage)
             ... on level 10 of the Dungeon.
             The game lasted 00:33:44 (14938 turns).

Peloso the Carver (Minotaur Fighter)               Turns: 14938, Time: 00:33:44

Health: 0/106      AC: 20    Str: 24    XL:     12   Next: 32%
Magic:  12/12      EV:  8    Int:  5    God:    Okawaru [****..]
Gold:   861        SH:  6    Dex: 12    Spells: 12/12 levels left

rFire   . . .      SeeInvis .   a - +3 long sword
rCold   . . .      Faith    +   c - +0 buckler
rNeg    . . .      Spirit   .   B - +4 plate armour
rPois   .          Reflect  .   (helmet restricted)
rElec   .          Harm     .   (no cloak)
rCorr   .          Rampage  .   (no gloves)
Will    .....                   j - +0 pair of boots
Stlth   ..........              q - amulet of faith
HPRegen 0.27/turn               (no ring)
MPRegen 0.13/turn               (no ring)

@: no status effects
A: horns 2, retaliatory headbutt
a: Renounce Religion, Heroism, Finesse


You were on level 10 of the Dungeon.
You worshipped Okawaru.
Okawaru was greatly pleased with you.
You visited 2 branches of the dungeon, and saw 11 of its levels.
You also visited: Sewer and Bailey.

You collected 861 gold pieces.

Inventory:

Hand Weapons
 a - a +3 long sword (weapon)
 b - a +0 whip of flaming
Missiles
 A - a throwing net (quivered)
Armour
 c - a +0 buckler (worn)
 g - a +0 chain mail
 j - a +0 pair of boots (worn)
 B - a +4 plate armour (worn)
Jewellery
 q - an amulet of faith (around neck)
 r - a ring of ice
 x - a ring of ice
 y - a +6 ring of intelligence
 F - an amulet of guardian spirit
Wands
 s - a wand of paralysis (10)
 C - a wand of mindburst (8)
Scrolls
 e - 3 scrolls of teleportation
 i - a scroll of enchant weapon
 k - a scroll of summoning
 n - 2 scrolls of amnesia
 o - 3 scrolls of magic mapping
 p - 2 scrolls of enchant armour
 u - a scroll of silence
 w - 2 scrolls of noise
 D - 2 scrolls of identify
 E - a scroll of immolation
 G - a scroll of fog
 I - a scroll of brand weapon {unknown}
Potions
 d - 2 potions of might
 f - a potion of experience
 h - a potion of flight
 l - 4 potions of mutation
 m - a potion of invisibility
 v - 2 potions of cancellation
 z - 2 potions of haste
Miscellaneous
 H - a phial of floods


   Skills:
 + Level 9.7 Fighting
 + Level 1.2(7.4) Short Blades
 + Level 12.5 Long Blades
 + Level 1.3(2.0) Axes
 + Level 1.3(2.0) Maces & Flails
 + Level 1.3(2.0) Polearms
 + Level 1.3(2.0) Staves
 + Level 1.3(1.6) Slings
 + Level 1.2 Bows
 + Level 1.2 Crossbows
 + Level 1.1(1.3) Throwing
 + Level 11.9 Armour
 + Level 4.4 Dodging
 + Level 5.6 Stealth
 + Level 7.7 Shields
 + Level 1.2 Unarmed Combat
 + Level 0.6 Spellcasting
 + Level 0.7 Conjurations
 + Level 0.6 Hexes
 + Level 0.7 Summonings
 + Level 1.2 Necromancy
 + Level 0.7 Translocations
 + Level 0.8 Transmutations
 + Level 0.7 Fire Magic
 + Level 0.7 Ice Magic
 + Level 0.7 Air Magic
 + Level 0.8 Earth Magic
 + Level 0.7 Poison Magic
 + Level 1.7 Invocations
 + Level 2.0 Evocations


You had 12 spell levels left.
You didn't know any spells.
Your spell library contained the following spells:

 Spells                   Type           Power      Damage    Failure   Level
 Beastly Appendage        Tmut           2%         N/A       99%         1
 Freeze                   Ice            0%         1d3       99%         1
 Sting                    Tmut/Pois      0%         1d3       99%         1
 Poisonous Vapours        Pois/Air       0%         N/A       100%        2
 Wereblood                Tmut           1%         N/A       100%        2
 Conjure Flame            Conj/Fire      0%         6-21      100%        3
 Frozen Ramparts          Ice            0%         1d2       100%        3
 Ignite Poison            Fire/Tmut/Pois 0%         N/A       100%        3
 Ozocubu's Armour         Ice            0%         N/A       100%        3
 Spider Form              Tmut/Pois      0%         N/A       100%        3
 Hailstorm                Conj/Ice       0%         3d3       100%        4
 Olgreb's Toxic Radiance  Pois           0%         N/A       100%        4
 Sticky Flame             Conj/Fire      0%         2d3       100%        4
 Blade Hands              Tmut           0%         N/A       100%        5
 Irradiate                Conj/Tmut      0%         3d13      100%        5
 Metabolic Englaciation   Hex/Ice        0%         N/A       100%        5
 Dragon Form              Tmut           0%         N/A       100%        7
 Ozocubu's Refrigeration  Ice            0%         4d5       100%        7
 Animate Armour           Summ/Erth      Unusable   N/A       N/A         4
 Summon Lightning Spire   Summ/Air       Unusable   N/A       N/A         4

Dungeon Overview and Level Annotations

Branches:
Dungeon (10/15)            Temple (1/1) D:7            Lair (0/6) D:9
  Sewer (visited)          Bailey (visited)
    Orc: D:9-12

Altars:
Cheibriados
Dithmenos
Elyvilon
Fedhas
Gozag
Kikubaaqudgha
Nemelex Xobeh
Okawaru
Qazlal
Ru
Sif Muna
Trog
Uskayaw
Vehumet
Yredelemnul
Zin
The Shining One

Shops:
D:6 *


Innate Abilities, Weirdness & Mutations

You have a pair of horns on your head.
You reflexively headbutt those who attack you in melee.


Message History

The vampire bites you.
The vampire draws strength from your injuries!
You hit the vampire.
You headbutt the vampire, but do no damage.
The vampire is moderately damaged.
You block the vampire's attack.
The vampire bites you but does no damage.
You closely miss the vampire. Your headbutt misses the vampire.
The vampire is moderately damaged.
You closely miss the vampire. Your headbutt misses the vampire.
The vampire is moderately damaged.
The vampire hits you but does no damage.
You block the vampire's attack.
You slash the vampire!
The vampire is severely damaged.
The vampire gestures at you while chanting.
You are confused.
You're too confused to move!
The vampire hits you but does no damage.
The vampire bites you!
* * * LOW HITPOINT WARNING * * *
The vampire draws strength from your injuries!
You bump into the rock wall.
The vampire hits you!
* * * LOW HITPOINT WARNING * * *
The vampire bites you but does no damage.
You closely miss the vampire.
You headbutt the vampire, but do no damage.
The vampire is severely damaged.
The vampire draws life force from you!
* * * LOW HITPOINT WARNING * * *
The vampire is healed by the life force!
The vampire hits you but does no damage.
The vampire completely misses you.
You feel less confused.
Okay, then.
Okay, then.
You feel better. The vampire hits you!
* * * LOW HITPOINT WARNING * * *
The vampire bites you.
You die...

.....##....#...##.......#
.....##....##..##......###
.....##....##..##..#.....###
.........#.##..............#.
......#.##.###....#..........
......#....))))..............
......#..#.###..#.(#...$.....
.....##..#)# #.......>.......
##.###..##.####V@.##......[..
##.##...##.##....###.........
#..##...##.#................(
..<##............####......?.
.)()(..[##.......# ##.....##
...........#....(# ######
.....#######.....# .....#
#####.# ....## .#


You could see a vampire.

Vanquished Creatures
  An orc warlord (Bailey)
  A two-headed ogre (D:9)
  5 orc knights (Bailey)
  An ugly thing (D:9)
  2 trolls
  A wyvern (D:9)
  2 steam dragons
  Menkaure (D:5)
  3 wargs (D:9)
  2 water moccasins
  An acid dragon (D:9)
  Pargi (Sewer)
  14 orc warriors
  2 sky beasts
  An ice beast (D:5)
  A black bear (D:6)
  2 necrophages
  4 ogres
  4 centaurs
  3 phantoms (D:6)
  2 kobold brigands
  2 bullfrogs
  2 gnoll sergeants
  A water moccasin zombie (D:5)
  2 scorpions
  A wyvern skeleton (D:7)
  20 killer bees
  3 wights
  4 howler monkeys
  A centaur skeleton (D:7)
  A gnoll shaman (D:8)
  4 jellies
  7 orc priests
  3 hounds
  Natasha (thrice) (D:4)
  8 orc wizards
  A scorpion zombie (D:5)
  An iguana (D:7)
  3 howler monkey zombies
  5 adders
  22 gnolls
  2 shadow imps
  A white imp (D:7)
  2 ufetubi
  An adder zombie (D:5)
  An adder skeleton (D:4)
  5 worms
  2 dart slugs
  44 orcs
  9 ball pythons
  6 endoplasms
  5 giant cockroaches
  14 goblins
  13 hobgoblins
  2 jackals (D:2)
  20 kobolds
  3 quokkas
  5 bats
  8 frilled lizards
  6 rats
297 creatures vanquished.

Vanquished Creatures (others)
  A wizard (D:9)
1 creature vanquished.

Grand Total: 298 creatures vanquished

Notes
Turn   | Place    | Note
-------+----------+-------------------------------------------
     0 | D:1      | Peloso the Minotaur Fighter began the quest for the Orb.
     0 | D:1      | Reached XP level 1. HP: 19/19 MP: 0/0
   370 | D:1      | Reached XP level 2. HP: 26/27 MP: 1/1
   856 | D:2      | Found a faded altar of an unknown god.
  1023 | D:2      | Reached skill level 3 in Long Blades
  1074 | D:2      | Reached XP level 3. HP: 32/33 MP: 2/2
  1530 | D:3      | Reached XP level 4. HP: 22/40 MP: 3/3
  1586 | D:3      | Found a glowing drain.
  1596 | D:3      | Reached skill level 4 in Long Blades
  1604 | Sewer    | Entered a sewer
  1753 | Sewer    | Noticed Pargi
  1762 | Sewer    | Killed Pargi
  1763 | Sewer    | Reached skill level 1 in Dodging
  1763 | Sewer    | Reached XP level 5. HP: 36/47 MP: 4/4
  2060 | D:4      | Noticed Natasha
  2065 | D:4      | Killed Natasha
  2153 | D:4      | Noticed Natasha
  2159 | D:4      | Killed Natasha
  2160 | D:4      | Reached skill level 5 in Long Blades
  2258 | D:4      | Reached XP level 6. HP: 34/55 MP: 5/5
  2859 | D:4      | Noticed Natasha
  2871 | D:4      | Killed Natasha
  2893 | D:4      | Reached skill level 5 in Armour
  2904 | D:4      | Reached skill level 6 in Long Blades
  3059 | D:4      | Got the Almanac of Icy Summoning
  3110 | D:4      | Reached skill level 5 in Fighting
  3110 | D:4      | Reached XP level 7. HP: 53/61 MP: 6/6
  3498 | D:4      | Reached skill level 5 in Shields
  3985 | D:5      | Entered Level 5 of the Dungeon
  4284 | D:5      | Reached skill level 7 in Long Blades
  4374 | D:5      | Reached XP level 8. HP: 52/70 MP: 7/7
  4858 | D:5      | Noticed Menkaure
  4864 | D:5      | Killed Menkaure
  4865 | D:5      | Reached skill level 1 in Stealth
  5746 | D:3      | Found a radiant altar of Vehumet.
  6133 | D:6      | Reached skill level 8 in Long Blades
  6429 | D:6      | Found Vicegiej's General Store.
  6573 | D:6      | Reached skill level 9 in Long Blades
  6622 | D:6      | Reached XP level 9. HP: 38/78 MP: 8/8
  6837 | D:6      | Found an opulent altar of Gozag.
  7661 | D:7      | Found a stormy altar of Qazlal.
  7969 | D:7      | Found a hide-covered altar of Uskayaw.
  8110 | D:7      | Found a staircase to the Ecumenical Temple.
  8119 | Temple   | Entered the Ecumenical Temple
  8134 | Temple   | Became a worshipper of Warmaster Okawaru
  8216 | D:7      | Reached skill level 10 in Long Blades
  8639 | D:8      | Reached skill level 10 in Armour
  8728 | D:8      | Found a flagged portal.
  8737 | Bailey   | Entered a bailey
  9287 | Bailey   | Noticed an orc knight
  9321 | Bailey   | Killed an orc knight
  9321 | Bailey   | Reached * piety under Okawaru
  9322 | Bailey   | Reached XP level 10. HP: 88/88 MP: 9/9
  9624 | Bailey   | Noticed an orc knight
  9654 | Bailey   | Killed an orc knight
  9779 | Bailey   | Noticed an orc knight
  9790 | Bailey   | Killed an orc knight
  9790 | Bailey   | Reached ** piety under Okawaru
  9791 | Bailey   | Reached skill level 11 in Long Blades
  9952 | Bailey   | Noticed an orc knight
  9974 | Bailey   | Killed an orc knight
 10175 | Bailey   | Noticed an orc warlord
 10191 | Bailey   | Killed an orc warlord
 10191 | Bailey   | Reached *** piety under Okawaru
 10382 | Bailey   | Noticed an orc knight
 10448 | Bailey   | Killed an orc knight
 10449 | Bailey   | Reached skill level 1 in Evocations
 10459 | Bailey   | Reached skill level 5 in Stealth
 10707 | Bailey   | Reached skill level 1 in Short Blades
 10707 | Bailey   | Reached skill level 1 in Axes
 10707 | Bailey   | Reached skill level 1 in Maces & Flails
 10707 | Bailey   | Reached skill level 1 in Polearms
 10707 | Bailey   | Reached skill level 1 in Staves
 10707 | Bailey   | Reached skill level 1 in Slings
 10707 | Bailey   | Reached skill level 1 in Bows
 10707 | Bailey   | Reached skill level 1 in Crossbows
 10707 | Bailey   | Reached skill level 1 in Throwing
 10707 | Bailey   | Reached skill level 1 in Unarmed Combat
 10707 | Bailey   | Reached skill level 1 in Necromancy
 10707 | Bailey   | Reached skill level 1 in Invocations
 10707 | Bailey   | Reached XP level 11. HP: 97/97 MP: 9/11
 10827 | D:8      | Found a sacrificial altar of Ru.
 10827 | D:8      | Found a glowing golden altar of the Shining One.
 11633 | D:8      | Reached XP level 12. HP: 57/102 MP: 9/12
 11994 | D:8      | Reached skill level 12 in Long Blades
 12150 | D:8      | Found a sparkling altar of Nemelex Xobeh.
 12950 | D:9      | Found a bloodstained altar of Trog.
 13552 | D:9      | Found a staircase to the Lair.
 13760 | D:9      | Noticed a two-headed ogre
 13773 | D:9      | Killed a two-headed ogre
 13773 | D:9      | Reached **** piety under Okawaru
 13955 | D:10     | Entered Level 10 of the Dungeon
 14938 | D:10     | Slain by a vampire

Illustrated notes

Levels and vault maps discovered:
D:1:      dpeg_arrival_radiant, layout_loops_ring, chequers_serial_rivers_room_b
D:2:      layout_rooms, ebering_ecumenical_altar_box, nicolae_wormholes
D:3:      minmay_chambers_of_threes, layout_loops_cross,
          mainiacjoe_overflow_alcove_2, portal_sewer_entry_d,
          chequers_serial_rivers_micro_b
D:4:      layout_basic, uniq_natasha
D:5:      layout_basic, hangedman_decor_lopped, uniq_menkaure
D:6:      layout_rooms, grunt_gozag_breadcrumbs, serial_shops,
          kennysheep_mini_moat, serial_corexii_hall, corexii_hall_statues_i,
          corexii_hall_statues_s
D:7:      layout_basic, lemuel_crystal_altar, nicolae_qazlal_scattered_showers,
          lemuel_temple_firewalk_b, kennysheep_generic_room_12
D:8:      layout_basic, nemelex_diamond_rough_becter,
          amethyst_overflow_temple_binary, enter_bailey_8, special_room
          [special_room_orc]
D:9:      layout_irregular_city, trog_wizard, erik_lair_orcish_takeover
D:10:     layout_rooms, uniq_erica
Temple:   zaba_magenta_temple

Skill      XL: |  1  2  3  4  5  6  7  8  9 10 11 12 |
---------------+-------------------------------------+-----
Shields        | 4 5 6 7 |  7.7
Long Blades    | 3 4 5 6 7 9 10 11 12 | 12.5
Fighting       | 4 5 6 7 9 |  9.7
Armour         | 4 5 6 8 10 11 | 11.9
Dodging        | 1 2 3 4 |  4.4
Stealth        | 1 5 |  5.6
Evocations     | 2 |  2.0
Short Blades   | 1 |  1.2
Axes           | 1 |  1.3
Maces & Flails | 1 |  1.3
Polearms       | 1 |  1.3
Staves         | 1 |  1.3
Slings         | 1 |  1.3
Bows           | 1 |  1.2
Crossbows      | 1 |  1.2
Throwing       | 1 |  1.1
Unarmed Combat | 1 |  1.2
Necromancy     | 1 |  1.2
Invocations    | 1 |  1.7
Spellcasting   | |  0.6
Conjurations   | |  0.7
Hexes          | |  0.6
Summonings     | |  0.7
Translocations | |  0.7
Transmutations | |  0.8
Fire Magic     | |  0.7
Ice Magic      | |  0.7
Air Magic      | |  0.7
Earth Magic    | |  0.8
Poison Magic   | |  0.7

Action                   |  1- 3 |  4- 6 |  7- 9 | 10-12 || total
-------------------------+-------+-------+-------+-------++-------
Melee: Long sword        |   103 |   121 |   378 |   488 ||  1090
       Headbutt          |    11 |    17 |    77 |   112 ||   217
Invok: Heroism           |       |       |       |     9 ||     9
Evoke: Wand              |       |       |     1 |     7 ||     8
  Use: Scroll            |     5 |     3 |    11 |     5 ||    24
       Potion            |     1 |       |     4 |     3 ||     8
 Stab: Paralysed         |       |       |     5 |    26 ||    31
Armor: Scale mail        |    24 |       |       |       ||    24
       Chain mail        |    73 |    77 |   207 |    35 ||   392
       Plate armour      |       |       |       |   154 ||   154
Dodge: Dodged            |    74 |    41 |   179 |   143 ||   437
Block: Buckler           |    31 |    31 |   103 |   111 ||   276
